 Dungeon Crawl Stone Soup version 0.28-a0-1152-g9c71ebef14 (webtiles) character file.

Game seed: 4123190525235828260

231 spaghetti the Covert (level 6, 6/42 HPs)
             Began as an Octopode Delver on Dec 14, 2021.
             Quit the game on level 7 of the Dungeon.
             The game lasted 00:03:01 (1074 turns).

spaghetti the Covert (Octopode Delver)              Turns: 1074, Time: 00:03:02

Health: 6/42       AC:  1    Str: 11    XL:     6   Next: 4%
Magic:  6/6        EV: 13    Int: 15    God:
Gold:   26         SH:  0    Dex: 13    Spells: 5/5 levels left

rFire   . . .      SeeInvis +   d - +5 whip "Lokko" {pain, rN+ SInv, mace}
rCold   . . .      Faith    .   (no shield)
rNeg    + . .      Spirit   .   (helmet restricted)
rPois   .          Reflect  .   h - amulet of regeneration {@e2}
rElec   .          Harm     .   (no ring)
rCorr   .          Rampage  .   (no ring)
Will    .....                   (no ring)
Stlth   +++++.....              (no ring)
HPRegen 0.94/turn               (no ring)
MPRegen 0.10/turn               (no ring)
                                (no ring)
                                (no ring)

@: seriously poisoned (6 -> 2)
A: almost no armour, amphibious, 8 rings, camouflage 1, gelatinous body 1,
(nimble swimmer 1), tentacles
a: no special abilities


You were on level 7 of the Dungeon.
You visited 1 branch of the dungeon, and saw 4 of its levels.

You collected 26 gold pieces.


Innate Abilities, Weirdness & Mutations

You cannot wear most types of armour.
You are amphibious.
You can wear up to eight rings at the same time.
Your skin changes colour to match your surroundings (Stealth+).
Your rubbery body absorbs attacks. (AC +1, EV +1)
((You are camouflaged near water. (Stealth+)))
You have tentacles for arms and can constrict up to eight enemies at once.


   Skills:
 - Level 3.0 Fighting
 - Level 2.0 Short Blades
 + Level 1.4 Maces & Flails
 - Level 2.0 Dodging
 - Level 10.0 Stealth
 + Level 1.4 Necromancy


You had 5 spell levels left.
You didn't know any spells.
Your spell library contained the following spells:

 Spells                   Type           Power      Damage    Failure   Level
 Magic Dart               Conj           0%         1d3       26%         1
 Dazzling Flash           Conj/Hex       0%         N/A       63%         3
 Mephitic Cloud           Conj/Pois/Air  0%         N/A       63%         3
 Agony                    Necr           4%         N/A       99%         5
 Silence                  Hex/Air        0%         N/A       100%        5
 Orb of Destruction       Conj           0%         N/A       100%        7

Inventory:

Hand Weapons
 a - a +0 short sword {short}
 d - the +5 whip "Lokko" (weapon) {pain, rN+ SInv, mace}
   (You found it on level 6 of the Dungeon)

   In the hands of one skilled in necromantic magic, it inflicts extra damage on
   living creatures.
   rN:        It protects you from negative energy.
   SInv:      It lets you see invisible.
Missiles
 c - 20 bolts
 e - 44 sling bullets
 g - 13 stones (quivered) {throwing}
Jewellery
 h - an amulet of regeneration (around mantle) {@e2}
   (You found it on level 6 of the Dungeon)
Wands
 f - a wand of digging (3)

Dungeon Overview and Level Annotations

Branches:
Dungeon (7/15)
 Temple: D:4-7

Altars:

Annotations:
D:5 exclusion: door

≈ ≈≈≈# ≈...# #≈#.#≈#≈#.#≈.
≈≈ ≈≈≈##...# ##≈#.#≈#...#≈
≈≈≈ ≈≈#....###≈#...#...#≈.
#≈≈##≈....##≈#...#...#≈..
.##≈S§.§§§.#†#...#≈#.#≈#..
.....§§§§§§..≈..#≈#≈#≈....
...'..§§§§§#..≈#≈###≈.##..
...#.§§5SF§####≈#####'##..
#.§§§§@.# ####....##..
#..§§.§.# #....##..
#.......# #.....+..
#.......# #.....#..
#.......# #.....#..
#.......# #########
#####.... ........ ###..
........ ........


You could see a water moccasin, a bullfrog and a white imp.


Message History

No target in view!
No target in view!
No target in view!
No target in view!
No target in view!
An electric eel comes into view.
The helpless electric eel fails to defend itself.
You hit the electric eel.
The electric eel writhes in agony.
You grab the electric eel. Your squeeze misses the electric eel.
You constrict the electric eel.
The electric eel shoots out a bolt of lightning at you!
The bolt of electricity hits you! The bolt of electricity misses you.
You are too injured to fight recklessly!
You are too injured to fight recklessly! 😮 HP[-9]
You take 9 damage, and now have 27/36 hp.
MASSIVE DAMAGE!! (PAUSE)
You hit the electric eel. You squeeze the electric eel.
You constrict the electric eel.
The electric eel shoots out a bolt of lightning at you!
The bolt of electricity hits you! x2
* * * LOW HITPOINT WARNING * * *
😱 HP[-19]
You take 19 damage, and now have 8/36 hp.
MASSIVE DAMAGE!! (PAUSE)
You hit the electric eel.
You kill the electric eel!
You hear a splash.
Training target 10.0 for Stealth reached!
Your Stealth skill increases to level 10!
You have reached level 6! 😨 HP[+3] MP[+1]
You now have 42 max hp (+6).
You regained 3 hp, and now have 11/42 hp.
Your mp is fully restored (6).
You start resting.
A white imp is nearby! 😮 HP[+11]
You regained 11 hp, and now have 22/42 hp. 😮 HP[+1] 😮 HP[+1]
You start resting. 😎 HP[+18]
Your hp is fully restored (42).
A white imp is nearby!
A white imp is nearby!
A water moccasin and an electric eel come into view.
The white imp shouts, "Get thee hence, thou fulsome beetle-headed wormtrail!"
The water moccasin hisses angrily.
You hear a croak.
A bullfrog comes into view.
You hit the white imp. Your grab misses the white imp.
The white imp barely misses you.
You hit the white imp. Your grab misses the white imp.
Your squeeze misses the white imp. The white imp hits you.
The white imp freezes you. The water moccasin bites you.
You are poisoned.
The water moccasin poisons you! 😮 HP[-11]
You take 11 damage, and now have 31/42 hp.
MASSIVE DAMAGE!! (PAUSE)
Okay, then.
Okay, then.
As you read the scroll of fog, it crumbles to dust.
The scroll dissolves into smoke.
You feel very sick. The water moccasin bites you.
The white imp gestures at you. The puff of frost hits you!
* * * LOW HITPOINT WARNING * * *
😨 HP[-14]
You take 14 damage, and now have 17/42 hp.
MASSIVE DAMAGE!! (PAUSE)
You feel better.
The water moccasin completely misses you.
The bullfrog hits you.
The white imp barely misses you. 😮 HP[+6]
You regained 6 hp, and now have 23/42 hp.
The bullfrog barely misses you. The water moccasin bites you.
* * * LOW HITPOINT WARNING * * *
You are poisoned.
The water moccasin poisons you! 😨 HP[-5]
You take 5 damage, and now have 18/42 hp.
Unknown command.
You aren't carrying any scrolls.
Unknown command.
You aren't carrying any scrolls.
You aren't carrying any potions.
Unknown command.
Okay, then.
You feel very sick. The white imp gestures at you. The puff of frost hits you!
* * * LOW HITPOINT WARNING * * *
😱 HP[-12]
You take 12 damage, and now have 6/42 hp.
MASSIVE DAMAGE!! (PAUSE) Unknown command.
Unknown command.
Are you sure you want to abandon this character and quit the game? (Confirm with "yes".)

Skill      XL: |  1  2  3  4  5 |
---------------+----------------+-----
Stealth        | 7 8 9 10 | 10.0
Maces & Flails | 1 |  1.4
Necromancy     | 1 |  1.4
Fighting       | |  3.0
Short Blades   | |  2.0
Dodging        | |  2.0

Action                   |  1- 3 |  4- 6 || total
-------------------------+-------+-------++-------
Melee: Short sword       |    21 |    16 ||    37
       Tentacles         |     6 |     8 ||    14
       Constrict         |     3 |     6 ||     9
       Whip              |       |    22 ||    22
  Use: Scroll            |     1 |     3 ||     4
       Potion            |       |     3 ||     3
 Stab: Sleeping          |     2 |     2 ||     4
Armor: Skin              |     3 |     1 ||     4
Dodge: Dodged            |     9 |    24 ||    33

Levels and vault maps discovered:
D:4:      kennysheep_big_flooded_room, layout_loops_ring, grunt_ministairs_5
D:5:      layout_loops_corners, lemuel_temple_firewalk_b, uniq_sigmund,
          uniq_edmund, uniq_duvessa
D:6:      layout_rooms, uniq_maggie
D:7:      layout_gridville, lemuel_coloured_pillars_altar, minivault_4,
          minivault_4, nicolae_water_bricks

Notes
Turn   | Place    | Note
-------+----------+-------------------------------------------
     0 | D:5      | spaghetti the Octopode Delver began the quest for the Orb.
     0 | D:5      | Reached XP level 1. HP: 16/16 MP: 1/1
     0 | D:5      | magus.rc [v1.9.6]
     8 | D:5      | You add the spells Magic Dart, Mephitic Cloud and Orb of
                  | Destruction to your library.
     8 | D:5      | Got the Compendium of Confrontation
    19 | D:5      | Reached skill level 7 in Stealth
    19 | D:5      | Reached XP level 2. HP: 15/21 MP: 2/2
   126 | D:5      | Reached skill level 8 in Stealth
   126 | D:5      | Reached XP level 3. HP: 16/26 MP: 3/3
   317 | D:5      | Reached skill level 9 in Stealth
   317 | D:5      | Reached XP level 4. HP: 30/31 MP: 4/4
   337 | D:5      | Reached XP level 5. HP: 34/36 MP: 5/5
   393 | D:5      | HP: 7/36 [acid (8)]
   409 | D:6      | Identified the +5 whip "Lokko" {pain, rN+ SInv}
   658 | D:6      | You pick up a book of the Senses and begin reading...
   658 | D:6      | You add the spells Dazzling Flash, Agony and Silence to
                  | your library.
   801 | D:5      | Noticed an ogre
   811 | D:5      | Reached skill level 1 in Maces & Flails
   811 | D:5      | Reached skill level 1 in Necromancy
   857 | D:5      | HP: 4/36 [ogre (29)]
   880 | D:5      | HP: 3/36 [ogre (22)]
   888 | D:6      | Noticed a water moccasin
  1025 | D:7      | HP: 8/36 [electric eel/bolt of electricity (11)]
  1027 | D:7      | Reached skill level 10 in Stealth
  1027 | D:7      | Reached XP level 6. HP: 11/42 MP: 6/6
  1066 | D:7      | Noticed a water moccasin
  1073 | D:7      | HP: 6/42 [white imp/puff of frost (10)]
  1074 | D:7      | Quit the game

Vanquished Creatures
  A water moccasin skeleton (D:5)
  An electric eel (D:7)
  A bullfrog skeleton (D:5)
  A bullfrog zombie (D:5)
  An iguana (D:5)
  A scorpion zombie (D:5)
  A hound zombie (D:5)
  An adder (D:6)
  4 orcs
  A giant cockroach (D:4)
13 creatures vanquished.

Table legend:
 A = Non-vault XP
 B = Vault XP
 C = Vault XP percentage of total XP
 D = Non-vault monster count
 E = Vault monster count
 F = Vault count percentage of total count
                 A         B        C        D         E       F
            +---------+---------+-------+---------+---------+-------
      Total |     326 |       5 |   1.5 |      11 |       2 |  15.4
            +---------+---------+-------+---------+---------+-------
        D:4 |       0 |       5 | 100.0 |       0 |       2 | 100.0
        D:5 |     258 |       0 |   0.0 |       9 |       0 |   0.0
        D:6 |      13 |       0 |   0.0 |       1 |       0 |   0.0
        D:7 |      55 |       0 |   0.0 |       1 |       0 |   0.0
            +---------+---------+-------+---------+---------+-------

Illustrated notes

Table legend:
 A = Kills in this place as a percentage of kills in entire the game.
 B = Kills by you in this place as a percentage of kills by you in the entire game.
 C = Kills by friends in this place as a percentage of kills by friends in the entire game.
 D = Other kills in this place as a percentage of other kills in the entire game.
 E = Experience gained in this place as a percentage of experience gained in the entire game.
 F = Experience gained in this place divided by the number of levels of this place that you have seen.
                   A       B       C       D       E      F
               +-------+-------+-------+-------+-------+----------------------
         Total | 100.0 | 100.0 |   N/A |   N/A | 100.0 |  82.8
       Dungeon | 100.0 | 100.0 |   N/A |   N/A | 100.0 |  82.8
               +-------+-------+-------+-------+-------+----------------------

Table legend: (Time is in decaauts)
 A = Elapsed time spent in this place.
 B = Non-inter-level travel time spent in this place.
 C = Inter-level travel time spent in this place.
 D = Time resting spent in this place.
 E = Time spent auto-exploring this place.
 F = Levels seen in this place.
 G = Mean time per level.
                   A        B        C        D        E       F      G
               +--------+--------+--------+--------+--------+-----+--------+
         Total |   1057 |   1036 |     21 |    479 |    290 |   4 |  264.2 |
       Dungeon |   1057 |   1036 |     21 |    479 |    290 |   4 |  264.2 |
               +--------+--------+--------+--------+--------+-----+--------+

Top non-repeatable levels by time:
     D:5: 596 daAuts
     D:6: 299 daAuts
     D:7: 134 daAuts
     D:4: 26 daAuts
